Map: Orbital Shipyard

Players

ILLBdA - Winner!

  • Race: Protoss Protoss
  • League: Diamond

Romdeang

  • Race: Terran Terran
  • League: Platinum

VOD

Have the link to the VOD?

Description

Time

  • Played on: Dec. 23, 2015, 9:29 a.m.
  • Length: 2:32
Show
View Real Time Build Order
Export as new Build Order

ILLBdA Protoss - Winner!

Build Orders: Cannon Rush 

Get SALT Encoding   

  12  0:01  Probe (Chrono Boost)  
  13  0:11  Probe (Chrono Boost)  
  14  0:19  Pylon  
  14  0:22  Probe (Chrono Boost)  
  15  0:37  Probe (Chrono Boost), Forge  
  16  0:47  Probe (Chrono Boost)  
  17  0:58  Probe (Chrono Boost)  
  18  1:08  Probe (Chrono Boost)  
  19  1:13  Pylon  
  19  1:16  Pylon  
  19  1:19  Pylon  
  19  1:20  Pylon  
  19  1:33  Photon Cannon  
  19  1:35  Photon Cannon  
  19  1:42  Photon Cannon  
  19  1:47  Photon Cannon  
  19  1:49  Photon Cannon  
  19  1:59  Photon Cannon  
  19  2:05  Pylon  
  19  2:15  Photon Cannon  
  19  2:26  Photon Cannon  
  19  2:29  Photon Cannon  
Show
View Real Time Build Order
Export as new Build Order

Romdeang Terran 

Build Orders:  

Get SALT Encoding   

  12  0:01  SCV  
  13  0:13  SCV  
  14  0:18  Supply Depot  
  14  0:25  SCV  
  15  0:29  Refinery  
  15  0:40  SCV  
  16  0:44  Barracks  
  16  0:52  SCV  
  16  0:55  Refinery  
  17  1:04  SCV  
  18  1:11  Supply Depot  
  18  1:20  SCV  
  19  1:28  Barracks  
  19  1:36  Barracks  
  19  1:42  Orbital Command  
  19  1:47  Marine  
  20  1:57  Supply Depot  
Tags
 
Add a new tag
Caveats
  • Supply blocks, unpowered buildings, or Contaminate may cause inaccurate times.
  • Supply counts are checked every 10 seconds.